 Dungeon Crawl Stone Soup version 0.31.0-9-g3a7656b989 (webtiles) character file.

Game seed: 5399248050519848576

14 qw the Shooter (level 2, -2/14 HPs)
             Began as a Spriggan Hunter on Feb 2, 2024.
             Slain by a goblin
             ... wielding a +0 club
              (4 damage)
             ... on level 1 of the Dungeon.
             The game lasted 00:00:00 (292 turns).

qw the Shooter (Spriggan Hunter)                     Turns: 292, Time: 00:00:01

Health: -2/14      AC:  2    Str:  7    XL:     2   Next: 27%
Magic:  3/3        EV: 19    Int: 10    God:
Gold:   42         SH:  0    Dex: 18    Spells: 1/1 levels left

rFire   . . .        a - +0 shortbow
rCold   . . .        (shield currently unavailable)
rNeg    . . .        c - +0 robe
rPois   .            (helmet restricted)
rElec   .            (no cloak)
rCorr   .            (gloves unavailable)
SInv    +            (boots unavailable)
Will    .....        (no amulet)
Stlth   ++           (no ring)
HPRegen 0.22/turn    (no ring)
MPRegen 0.08/turn

%: no passive effects
@: very quick
A: very small, no large weapons, unfitting armour, see invisible, speed 3
a: no special abilities


You were on level 1 of the Dungeon.
You visited 1 branch of the dungeon, and saw 1 of its levels.

You collected 42 gold pieces.


Innate Abilities, Weirdness & Mutations

You are very small and have problems with some larger weapons.
You are too small for most types of armour.
You have supernaturally acute eyesight. (SInv)
You cover ground extremely quickly. (Speed+++)


   Skills:
 - Level 1.5 Fighting
 + Level 4.0 Ranged Weapons
 - Level 4.0 Dodging
 - Level 1.5 Stealth


You had one spell level left.
You didn't know any spells.
Your spell library was empty.

Inventory:

Hand Weapons
 a - a +0 shortbow (weapon)
Armour
 c - a +0 robe (worn)
Scrolls
 b - a scroll of butterflies
 d - a scroll of fear {unknown}
 g - a scroll of teleportation {unknown}
 h - a scroll of vulnerability {unknown}
Potions
 e - a potion of curing {unknown}
 f - a potion of degeneration {unknown}
 i - a potion of heal wounds {unknown}

Dungeon Overview and Level Annotations

Branches:
Dungeon (1/15)

Altars:


Message History

The rat barely misses you.
A hobgoblin comes into view.
You shoot an arrow. The arrow barely misses the quokka.
The quokka bites you. The rat completely misses you.
You shoot an arrow. The arrow completely misses the quokka.
The quokka closely misses you. The rat closely misses you.
The quokka closely misses you.
You shoot an arrow. The arrow closely misses the quokka.
The rat bites you. The quokka closely misses you.
You shoot an arrow. The arrow closely misses the quokka.
The rat barely misses you. The quokka barely misses you. The rat misses you.
You shoot an arrow. The arrow barely misses the quokka.
The quokka misses you. x2; The rat bites you but does no damage.
You shoot an arrow. The arrow closely misses the quokka.
The quokka misses you. The rat barely misses you.
You shoot an arrow. The arrow closely misses the quokka.
The quokka bites you but does no damage.
The rat completely misses you. The quokka bites you.
You shoot an arrow.
The arrow hits the quokka but does no damage.
The rat bites you. The quokka completely misses you.
You shoot an arrow.
The arrow hits the quokka but does no damage.
The quokka bites you. The rat completely misses you.
The quokka barely misses you. The rat misses you.
You shoot an arrow. The arrow completely misses the quokka.
The quokka bites you. The rat barely misses you.
You shoot an arrow. The arrow hits the quokka.
You kill the quokka!
The rat bites you.
Your Dodging skill increases to level 4!
You shoot an arrow. The arrow hits the hobgoblin.
You kill the hobgoblin!
The rat closely misses you.
You shoot an arrow.
The arrow hits the goblin but does no damage.
The goblin closely misses you. The rat closely misses you.
You shoot an arrow. The arrow barely misses the goblin.
The goblin hits you with a +0 club.
You die...

#. ## ## #) ## .#
####. # # #....
#.##. .....##.
#.#.# #######.
#.gr####.## #....
#@......# #.###
##.####.# #....
#..###.# ##....
##..##.#####.....
##.##...........
#....######....
##.....# #....
#..###.## ##....
#..## #..###.....


You could see a goblin and a rat.

Vanquished Creatures
  3 goblins (D:1)
  A hobgoblin (D:1)
  A quokka (D:1)
  A ball python (D:1)
  2 bats (D:1)
  3 frilled lizards (D:1)
  2 kobolds (D:1)
  A rat (D:1)
14 creatures vanquished.

Notes
Turn   | Place    | Note
-------+----------+-------------------------------------------
     0 | D:1      | qw the Spriggan Hunter began the quest for the Orb.
     0 | D:1      | Reached XP level 1. HP: 10/10 MP: 2/2
     0 | D:1      | 0 ||| qw: Version: 0.3-a-155-g5e7d8dd
     0 | D:1      | 0 ||| qw: Game counter: 1294
     0 | D:1      | 0 ||| qw: Melee chars always use a shield: true
     0 | D:1      | 0 ||| qw: God list: Okawaru
     0 | D:1      | 0 ||| qw: Allow faded altars: false
     0 | D:1      | 0 ||| qw: Do Orc after clearing Dungeon:15 true
     0 | D:1      | 0 ||| qw: Do second Lair branch before Depths: true
     0 | D:1      | 0 ||| qw: Lair rune preference: random
     0 | D:1      | 0 ||| qw: Goals: Normal
     0 | D:1      | 0 ||| PLANNING D:1-11
    36 | D:1      | Reached skill level 3 in Dodging
   211 | D:1      | Reached XP level 2. HP: 14/14 MP: 3/3
   287 | D:1      | HP: 3/14 [quokka (2)]
   289 | D:1      | HP: 1/14 [rat (1)]
   292 | D:1      | Slain by a goblin

Levels and vault maps discovered:
D:1:      dpeg_arrival_erosion, layout_rooms, minmay_hexomino_f4

Skill      XL: |  1  2 |
---------------+-------+-----
Dodging        | 3 4 |  4.0
Fighting       | |  1.5
Ranged Weapons | |  4.0
Stealth        | |  1.5

Action                     || total
---------------------------++-------
   Fire: Shortbow          ||    44
 Armour: Robe              ||    12
  Dodge: Dodged            ||    27

Table legend:
 A = Non-vault XP
 B = Vault XP
 C = Vault XP percentage of total XP
 D = Non-vault monster count
 E = Vault monster count
 F = Vault count percentage of total count
                 A         B        C        D         E       F
            +---------+---------+-------+---------+---------+-------
      Total |      16 |       4 |  20.0 |      12 |       2 |  14.3
            +---------+---------+-------+---------+---------+-------
        D:1 |      16 |       4 |  20.0 |      12 |       2 |  14.3
            +---------+---------+-------+---------+---------+-------
